BR (22 & UNDER)
ROY EAGLE SQUADRON @ GRAND RAPIDS DUTCH OVENS
07/16/2030
 
TOP OF THE 1ST
Roy Eagle Squadron batting - Pitching for Grand Rapids Dutch Ovens : RHP Cristo Corona
Pitching: RHP Cristo Corona
Batting: LHB Octávio Otero 0-0: Ball
1-0: Foul Ball, location: 2F
1-1: Swinging Strike
1-2: Ball
2-2: Ball
3-2: Foul Ball, location: 2F
3-2: Base on Balls
Batting: SHB Troy Holland 0-0: Called Strike
0-1: Swinging Strike
0-2: Ball
1-2: Ball
2-2: Foul Ball, location: 2F
2-2: Ball
3-2: Base on Balls
Octávio Otero to second
Batting: LHB Pedro Camacho 0-0: Ball
1-0: Ball
2-0: Ball
3-0: Called Strike
3-1: Foul Ball, location: 2F
3-2: SINGLE (Groundball, 4MD)
Octávio Otero to third
Troy Holland to second
Runner from 3rd tries for Home, SAFE, no throw
Batting: LHB Quinn Webb 0-0: Called Strike
0-1: Ball
1-1: Called Strike
1-2: Fly out, F9 (Flyball, 9S)
Batting: RHB Carl Curry 0-0: Called Strike
0-1: Ball
1-1: Ball
2-1: Ball
3-1: Foul Ball, location: 2F
3-2: Base on Balls
Troy Holland to third
Pedro Camacho to second
Batting: LHB Robinson González 0-0: Ball
1-0: Foul Ball, location: 2F
1-1: Ball
2-1: Ball
3-1: Base on Balls
Troy Holland scores
Pedro Camacho to third
Carl Curry to second
Batting: SHB Dwight Hill 0-0: SINGLE (Line Drive, 6D)
Pedro Camacho scores
Carl Curry to third
Robinson González to second
Batting: RHB Cal Cox 0-0: SINGLE (Groundball, 56D)
Carl Curry scores
Robinson González to third
Dwight Hill to second
Runner from 3rd tries for Home, SAFE, no throw
Batting: LHB Carlos Ramírez 0-0: Fly out, F8 (Flyball, 8RD)
Batting: LHB Octávio Otero 0-0: Foul Ball, location: 2F
0-1: Ball
1-1: Called Strike
1-2: Ball
2-2: Foul Ball, location: 2F
2-2: Fly out, F7 (Flyball, 7S)
Top of the 1st over - 5 runs, 3 hits, 0 errors, 2 left on base; Roy 5 - Grand Rapids 0
BOTTOM OF THE 1ST
Grand Rapids Dutch Ovens batting - Pitching for Roy Eagle Squadron : RHP Danny Owen
Pitching: RHP Danny Owen
Batting: LHB Brad Fuller 0-0: Fly out, F7 (Flyball, 7LS)
Batting: LHB José Martínez 0-0: Called Strike
0-1: Ball
1-1: Foul Ball, location: 2F
1-2: Strikes out looking
Batting: RHB Earl Davis 0-0: Swinging Strike
0-1: Foul Ball, location: 2F
0-2: Foul Ball, location: 2F
0-2: Fly out, F8 (Flyball, 8LM)
Bottom of the 1st over - 0 runs, 0 hits, 0 errors, 0 left on base; Roy 5 - Grand Rapids 0
TOP OF THE 2ND
Roy Eagle Squadron batting - Pitching for Grand Rapids Dutch Ovens : RHP Cristo Corona
Batting: SHB Troy Holland 0-0: Called Strike
0-1: Called Strike
0-2: SINGLE (Line Drive, 89S)
Batting: LHB Pedro Camacho 0-0: Ball
1-0: Ball
2-0: DOUBLE (Line Drive, 9LD)
Troy Holland to third
Batting: LHB Quinn Webb 0-0: Called Strike
0-1: Ball
1-1: Called Strike
1-2: Ball
2-2: Strikes out swinging
Batting: RHB Carl Curry 0-0: Ball
1-0: DOUBLE (Flyball, 8LD)
Troy Holland scores
Pedro Camacho scores
Batting: LHB Robinson González 0-0: Called Strike
0-1: Foul Ball, location: 2F
0-2: Fly out, F8 (Line Drive, 89M)
Batting: SHB Dwight Hill 0-0: Ball
1-0: Ball
2-0: Foul Ball, location: 2F
2-1: Ball
3-1: Foul Ball, location: 2F
3-2: Foul Ball, location: 2F
3-2: Foul Ball, location: 2F
3-2: Base on Balls
Batting: RHB Cal Cox 0-0: Ball
1-0: DOUBLE (Flyball, 89D)
Carl Curry scores
Dwight Hill to third
Runner from 3rd tries for Home, SAFE, throw made at trailing runner, SAFE at third!
Batting: LHB Carlos Ramírez 0-0: Called Strike
0-1: SINGLE (Groundball, 56) (infield hit)
Cal Cox scores
Batting: LHB Octávio Otero 0-0: Called Strike
0-1: Ball
1-1: Ball
2-1: Ball
3-1: Base on Balls
Carlos Ramírez to second
Batting: SHB Troy Holland 0-0: Ball
1-0: Called Strike
1-1: Ball
2-1: Foul Ball, location: 2F
2-2: Fly out, F9 (Flyball, 9S)
Top of the 2nd over - 5 runs, 5 hits, 0 errors, 2 left on base; Roy 10 - Grand Rapids 0
BOTTOM OF THE 2ND
Grand Rapids Dutch Ovens batting - Pitching for Roy Eagle Squadron : RHP Danny Owen
Batting: RHB Frank Ruffin 0-0: Called Strike
0-1: Ball
1-1: Ball
2-1: Foul Ball, location: 2F
2-2: Foul Ball, location: 2F
2-2: Foul Ball, location: 2F
2-2: Foul Ball, location: 2F
2-2: Fly out, F4 (Line Drive, 4)
Batting: LHB Dustin Jones 0-0: DOUBLE (Groundball, 3L)
Batting: RHB Rich Bradley 0-0: Ball
1-0: Foul Ball, location: 2F
1-1: Ball
2-1: Foul Ball, location: 2F
2-2: Strikes out swinging
Batting: RHB Juan Valdéz 0-0: Ball
1-0: Ground out U3 (Groundball, 34S)
Bottom of the 2nd over - 0 runs, 1 hit, 0 errors, 1 left on base; Roy 10 - Grand Rapids 0
TOP OF THE 3RD
Roy Eagle Squadron batting - Pitching for Grand Rapids Dutch Ovens : RHP Cristo Corona
Batting: LHB Pedro Camacho 0-0: Called Strike
0-1: Foul Ball, location: 2F
0-2: Ground out 1-3 (Groundball, P)
Pitching: RHP Orlando Madrid
Batting: LHB Quinn Webb 0-0: SINGLE (Groundball, 4) (infield hit)
Batting: RHB Carl Curry 0-0: Ball
Quinn Webb is caught stealing 2nd base
1-0: Ground out U3 (Groundball, 34S)
Top of the 3rd over - 0 runs, 1 hit, 0 errors, 0 left on base; Roy 10 - Grand Rapids 0
BOTTOM OF THE 3RD
Grand Rapids Dutch Ovens batting - Pitching for Roy Eagle Squadron : RHP Danny Owen
Batting: RHB Jason Heddon 0-0: Called Strike
0-1: Ball
1-1: Fly out, F4 (Popup, 4S)
Batting: LHB Robert Wright 0-0: Ball
1-0: Fly out, F8 (Flyball, 8LD)
Batting: LHB Brad Fuller 0-0: Ball
1-0: Ball
2-0: Foul Ball, location: 2F
2-1: Ball
3-1: Foul Ball, location: 2F
3-2: Base on Balls
Batting: LHB José Martínez 0-0: Called Strike
0-1: SINGLE (Flyball, 7LS)
Brad Fuller to second
Batting: RHB Earl Davis 0-0: Hit by Pitch
Brad Fuller to third
José Martínez to second
Batting: RHB Frank Ruffin 0-0: Ball
1-0: Ball
Balk!
Brad Fuller scores
José Martínez to third
Earl Davis to second
2-0: Foul Ball, location: 2F
2-1: Foul Ball, location: 2F
2-2: Ball
3-2: Foul Ball, location: 2F
3-2: SINGLE (Line Drive, 6M)
José Martínez scores
Earl Davis to third
Earl Davis scores
Batting: LHB Dustin Jones 0-0: Called Strike
0-1: Ball
1-1: Fly out, F7 (Flyball, 7D)
Bottom of the 3rd over - 3 runs, 2 hits, 0 errors, 1 left on base; Roy 10 - Grand Rapids 3
TOP OF THE 4TH
Roy Eagle Squadron batting - Pitching for Grand Rapids Dutch Ovens : RHP Orlando Madrid
Batting: LHB Robinson González 0-0: Ball
1-0: Foul Ball, location: 2F
1-1: Swinging Strike
1-2: Strikes out swinging
Batting: SHB Dwight Hill 0-0: Fly out, F9 (Flyball, 9)
Batting: RHB Cal Cox 0-0: Fly out, F9 (Flyball, 9LM)
Top of the 4th over - 0 runs, 0 hits, 0 errors, 0 left on base; Roy 10 - Grand Rapids 3
BOTTOM OF THE 4TH
Grand Rapids Dutch Ovens batting - Pitching for Roy Eagle Squadron : RHP Danny Owen
Batting: RHB Rich Bradley 0-0: DOUBLE (Line Drive, 7LD)
Batting: RHB Juan Valdéz 0-0: Ball
1-0: Swinging Strike
1-1: Ball
Wild Pitch!
Rich Bradley to third
2-1: Ball
3-1: Fly out, F4 (Line Drive, 4M)
Batting: RHB Jason Heddon 0-0: Swinging Strike
0-1: Called Strike
0-2: Ground out 5-3 (Groundball, 56S)
Rich Bradley scores
Batting: LHB Robert Wright 0-0: Ball
1-0: Fly out, F7 (Flyball, 78S)
Bottom of the 4th over - 1 run, 1 hit, 0 errors, 0 left on base; Roy 10 - Grand Rapids 4
TOP OF THE 5TH
Roy Eagle Squadron batting - Pitching for Grand Rapids Dutch Ovens : RHP Orlando Madrid
Batting: LHB Carlos Ramírez 0-0: Called Strike
0-1: Ball
1-1: Ball
2-1: Called Strike
2-2: Ball
3-2: Base on Balls
Batting: LHB Octávio Otero 0-0: Ball
1-0: Ball
2-0: Foul Ball, location: 2F
2-1: SINGLE (Line Drive, 89M)
Carlos Ramírez to second
Runner from 2nd tries for 3rd, SAFE, no throw
Batting: SHB Troy Holland 0-0: Ball
1-0: Swinging Strike
1-1: Ball
2-1: Grounds into double play, 4-6-3 (Groundball, 4)
Carlos Ramírez scores
Batting: LHB Pedro Camacho 0-0: Ball
1-0: Ball
2-0: Ball
3-0: Swinging Strike
3-1: Base on Balls
Batting: LHB Quinn Webb 0-0: Called Strike
0-1: Ball
1-1: Foul Ball, location: 2F
1-2: Foul Ball, location: 2F
1-2: Strikes out looking
Top of the 5th over - 1 run, 1 hit, 0 errors, 1 left on base; Roy 11 - Grand Rapids 4
BOTTOM OF THE 5TH
Grand Rapids Dutch Ovens batting - Pitching for Roy Eagle Squadron : RHP Danny Owen
Batting: LHB Brad Fuller 0-0: Called Strike
0-1: Ground out 6-3 (Groundball, 6)
Batting: LHB José Martínez 0-0: Ball
1-0: Called Strike
1-1: Fly out, F6 (Line Drive, 6M)
Batting: RHB Earl Davis 0-0: Ball
1-0: Ball
2-0: Swinging Strike
2-1: Foul Ball, location: 2F
2-2: Ball
3-2: Foul Ball, location: 2F
3-2: Base on Balls
Batting: RHB Frank Ruffin 0-0: Fly out, F7 (Flyball, 7)
Bottom of the 5th over - 0 runs, 0 hits, 0 errors, 1 left on base; Roy 11 - Grand Rapids 4
TOP OF THE 6TH
Roy Eagle Squadron batting - Pitching for Grand Rapids Dutch Ovens : RHP Orlando Madrid
Batting: RHB Carl Curry 0-0: Called Strike
0-1: Ball
1-1: SINGLE (Groundball, 56D)
Batting: LHB Robinson González 0-0: Called Strike
0-1: Foul Ball, location: 2F
0-2: Strikes out swinging
Batting: SHB Dwight Hill 0-0: Ball
Carl Curry is caught stealing 2nd base
1-0: Called Strike
1-1: Ball
2-1: Foul Ball, location: 2F
2-2: Strikes out looking
Top of the 6th over - 0 runs, 1 hit, 0 errors, 0 left on base; Roy 11 - Grand Rapids 4
BOTTOM OF THE 6TH
Grand Rapids Dutch Ovens batting - Pitching for Roy Eagle Squadron : RHP Danny Owen
Batting: LHB Dustin Jones 0-0: Called Strike
0-1: Ball
1-1: Foul Ball, location: 2F
1-2: Strikes out swinging
Batting: RHB Rich Bradley 0-0: Swinging Strike
0-1: Ball
1-1: Swinging Strike
1-2: Ball
2-2: Foul Ball, location: 2F
2-2: SINGLE (Line Drive, 78S)
Batting: RHB Juan Valdéz 0-0: Called Strike
0-1: Ball
1-1: Called Strike
1-2: Ball
2-2: Ball
3-2: Strikes out swinging
Batting: RHB Jason Heddon 0-0: 2-RUN HOME RUN (Flyball, 9LD), Distance : 367 ft
Pitching: RHP Cisco Dávila
Batting: LHB Robert Wright 0-0: Called Strike
0-1: Fly out, F7 (Flyball, 7S)
Bottom of the 6th over - 2 runs, 2 hits, 0 errors, 0 left on base; Roy 11 - Grand Rapids 6
TOP OF THE 7TH
Roy Eagle Squadron batting - Pitching for Grand Rapids Dutch Ovens : RHP Orlando Madrid
Pitching: RHP Jesús Gonzáles
Batting: RHB Cal Cox 0-0: Called Strike
0-1: Ball
1-1: Ball
2-1: Swinging Strike
2-2: Strikes out swinging
Batting: LHB Carlos Ramírez 0-0: Ball
1-0: Ball
2-0: Called Strike
2-1: Foul Ball, location: 2F
2-2: Strikes out swinging
Batting: LHB Octávio Otero 0-0: Ball
1-0: Called Strike
1-1: Called Strike
1-2: Ball
2-2: Foul Ball, location: 2F
2-2: Ball
3-2: Ground out U3 (Groundball, 3)
Top of the 7th over - 0 runs, 0 hits, 0 errors, 0 left on base; Roy 11 - Grand Rapids 6
BOTTOM OF THE 7TH
Grand Rapids Dutch Ovens batting - Pitching for Roy Eagle Squadron : RHP Cisco Dávila
Batting: LHB Brad Fuller 0-0: Fly out, F6 (Popup, 4MD)
Batting: LHB José Martínez 0-0: Swinging Strike
0-1: Foul Ball, location: 2F
0-2: Ball
1-2: Ball
2-2: Ball
3-2: SINGLE (Groundball, 6MD)
Batting: RHB Earl Davis 0-0: Called Strike
0-1: Foul Ball, location: 2F
0-2: Foul Ball, location: 2F
0-2: Ball
1-2: Foul Ball, location: 2F
1-2: Foul Ball, location: 2F
1-2: Strikes out swinging
José Martínez steals 2nd base
Batter strikes out.
Batting: RHB Frank Ruffin 0-0: Called Strike
0-1: Ball
1-1: Swinging Strike
1-2: Ball
2-2: Hit by Pitch
Batting: LHB Dustin Jones 0-0: Foul Ball, location: 2F
0-1: Reached on error, E4 (Groundball, 4D)
José Martínez to third
Frank Ruffin to second
Batting: RHB Rich Bradley 0-0: Called Strike
0-1: Called Strike
0-2: Ball
1-2: Strikes out swinging
Bottom of the 7th over - 0 runs, 1 hit, 1 error, 3 left on base; Roy 11 - Grand Rapids 6
TOP OF THE 8TH
Roy Eagle Squadron batting - Pitching for Grand Rapids Dutch Ovens : RHP Jesús Gonzáles
Batting: SHB Troy Holland 0-0: Ball
1-0: Foul Ball, location: 2F
1-1: Foul Ball, location: 2F
1-2: SINGLE (Flyball, 9S)
Batting: LHB Pedro Camacho 0-0: Swinging Strike
0-1: Swinging Strike
0-2: Ball
1-2: Strikes out swinging
Batting: LHB Quinn Webb 0-0: Called Strike
0-1: Ball
1-1: Ball
2-1: Foul Ball, location: 2F
2-2: Ball
3-2: Foul Ball, location: 2F
3-2: Foul Ball, location: 2F
3-2: Fielders Choice at 2nd, 3-6 (Groundball, 3)
Batting: RHB Carl Curry 0-0: Called Strike
Quinn Webb steals 2nd base
0-1: Foul Ball, location: 2F
0-2: SINGLE (Line Drive, 34D)
Quinn Webb to third
Batting: LHB Robinson González 0-0: Called Strike
0-1: Foul Ball, location: 2F
0-2: Ball
1-2: Foul Ball, location: 2F
1-2: Fly out, F9 (Flyball, 9S)
Top of the 8th over - 0 runs, 2 hits, 0 errors, 2 left on base; Roy 11 - Grand Rapids 6
BOTTOM OF THE 8TH
Grand Rapids Dutch Ovens batting - Pitching for Roy Eagle Squadron : RHP Cisco Dávila
Now at 2B: Roberto Casas
Batting: RHB Juan Valdéz 0-0: Swinging Strike
0-1: Called Strike
0-2: Ball
1-2: Ball
2-2: Ball
3-2: Base on Balls
Batting: RHB Jason Heddon 0-0: Ball
1-0: Called Strike
1-1: Foul Ball, location: 2F
1-2: SINGLE (Groundball, 6D)
Juan Valdéz to second
Pitching: LHP Jason Mills
Batting: LHB Robert Wright 0-0: Fly out, F8 (Flyball, 8LD)
Runner from 2nd tags up, SAFE at 3rd with throw
Batting: LHB Brad Fuller 0-0: Called Strike
0-1: Ball
Wild Pitch!
Juan Valdéz scores
Jason Heddon to second
1-1: Ground out 4-3 (Groundball, 4)
Jason Heddon to third
Batting: LHB José Martínez 0-0: Ball
1-0: DOUBLE (Line Drive, 9LM)
Jason Heddon scores
Batting: RHB Earl Davis 0-0: Called Strike
0-1: Ball
1-1: Fly out, F3 (Popup, 3D)
Bottom of the 8th over - 2 runs, 2 hits, 0 errors, 1 left on base; Roy 11 - Grand Rapids 8
TOP OF THE 9TH
Roy Eagle Squadron batting - Pitching for Grand Rapids Dutch Ovens : RHP Jesús Gonzáles
Batting: SHB Dwight Hill 0-0: Ball
1-0: Called Strike
1-1: Ball
2-1: Foul Ball, location: 2F
2-2: Strikes out swinging
Batting: RHB Cal Cox 0-0: Called Strike
0-1: Ball
1-1: Ground out 4-3 (Groundball, 34)
Batting: LHB Carlos Ramírez 0-0: Fly out, F8 (Flyball, 89M)
Top of the 9th over - 0 runs, 0 hits, 0 errors, 0 left on base; Roy 11 - Grand Rapids 8
BOTTOM OF THE 9TH
Grand Rapids Dutch Ovens batting - Pitching for Roy Eagle Squadron : LHP Jason Mills
Pitching: RHP Pedro Molina
Batting: RHB Frank Ruffin 0-0: Ball
1-0: Foul Ball, location: 2F
1-1: SINGLE (Line Drive, 6MD)
Batting: LHB Dustin Jones 0-0: Ball
1-0: Fly out, F7 (Flyball, 7S)
Batting: RHB Rich Bradley 0-0: Called Strike
0-1: SINGLE (Line Drive, 7LM)
Frank Ruffin to second
Pinch Hitting: LHB Gregory Pérez 0-0: Ball
1-0: Fly out, F5 (Popup, 5SF)
Batting: RHB Jason Heddon 0-0: Ball
1-0: Fielders Choice at 2nd, 6-4 (Groundball, 6)
Bottom of the 9th over - 0 runs, 2 hits, 0 errors, 2 left on base; Roy 11 - Grand Rapids 8
Saturday, April 7th, 2018 - OOTP Baseball 18.8 Build 76